 Dungeon Crawl Stone Soup version 0.23-a0-644-gb60d84b635 (webtiles) character file.

3253 HereIgoKillingAgain the Transmogrifier (level 9, -2/69 HPs)
             Began as a Demonspawn Transmuter on Jan 1, 2019.
             Was a High Priest of Uskayaw.
             Slain by an unseen horror (6 damage)
             ... on level 8 of the Dungeon.
             The game lasted 00:09:57 (9664 turns).

HereIgoKillingAgain the Transmogrifier (DsTm)       Turns: 9664, Time: 00:09:57

Health: -2/69      AC: 14    Str: 13    XL:     9   Next: 67%
Magic:  12/12      EV: 10    Int: 18    God:    Uskayaw [*****.]
Gold:   430        SH:  6    Dex: 11    Spells: 2/12 levels left

rFire    . . .     SeeInvis .   f - +5 hand axe (freeze)
rCold    + . .     Gourm    .   i - +3 buckler {AC+3}
rNeg     . . .     Faith    +   g - +0 scale mail of the Tormentor {rPois rC+ MR+ Dex-2}
rPois    +         Spirit   .   j - +0 helmet
rElec    .         Reflect  .   d - +0 cloak
rCorr    .         Harm     .   (no gloves)
MR       +....                  (no boots)
Stlth    +++.......             e - amulet of faith
HPRegen  0.21/turn              s - ring of stealth
MPRegen  0.13/turn              b - +2 ring of strength

@: no status effects
A: hooves 1, yellow scales 2, nightstalker 2
a: Stomp, Line Pass, Grand Finale, Renounce Religion


You were on level 8 of the Dungeon.
You worshipped Uskayaw.
Uskayaw was noncommittal.
You were not hungry.

You visited 2 branches of the dungeon, and saw 9 of its levels.

You collected 430 gold pieces.

Inventory:

Hand Weapons
 f - a +5 hand axe of freezing (weapon)
Missiles
 a - 109 arrows
Armour
 d - a +0 cloak (worn)
 g - the +0 scale mail of the Tormentor (worn) {rPois rC+ MR+ Dex-2}
   (You found it on level 5 of the Dungeon)

   It affects your dexterity (-2).
   It protects you from cold.
   It protects you from poison.
   It affects your resistance to hostile enchantments.
 i - a +3 buckler of protection (worn)
 j - a +0 helmet (worn)
Jewellery
 b - a +2 ring of strength (right hand)
 e - an amulet of faith (around neck)
 m - a cursed amulet of inaccuracy {unknown}
 s - a ring of stealth (left hand)
Wands
 v - a wand of iceblast (15)
 w - a wand of polymorph (3)
Scrolls
 k - a scroll of remove curse
 l - a scroll of amnesia
 q - 2 scrolls of fog
Potions
 c - a potion of berserk rage
 n - a potion of resistance
 p - 2 potions of flight
 t - 3 potions of brilliance
 u - 2 potions of mutation {unknown}
 x - a potion of lignification {unknown}
 z - a potion of heal wounds {unknown}
Comestibles
 r - 10 rations


   Skills:
 + Level 6.1 Fighting
 + Level 5.8 Dodging
 + Level 6.2 Unarmed Combat
 - Level 2.0 Spellcasting
 * Level 8.1 Transmutations


You had 2 spell levels left.
You knew the following spells:

 Your Spells              Type           Power        Failure   Level  Hunger
a - Blade Hands           Tmut           ####......   82%         5    ######.
b - Sticks to Snakes      Tmut           ####....     8%          2    ###....
c - Spider Form           Tmut/Pois      ###.......   63%         3    ###....

Your spell library contained the following spells:

 Spells                   Type           Power        Failure   Level  Hunger
 Beastly Appendage        Tmut           ####..       5%          1    #......
 Magic Dart               Conj           #...         83%         1    #......
 Summon Small Mammal      Summ           #...         83%         1    #......
 Blink                    Tloc           N/A          92%         2    ###....
 Call Imp                 Summ           #.......     92%         2    ###....
 Slow                     Hex            #.......     92%         2    ###....
 Ice Form                 Ice/Tmut       ###.....     95%         4    #####..
 Call Canine Familiar     Summ           #.......     99%         3    ###....
 Conjure Flame            Conj/Fire      #.......     99%         3    ###....
 Mephitic Cloud           Conj/Pois/Air  #.......     99%         3    ###....
 Summon Guardian Golem    Hex/Summ       #.......     99%         3    ###....
 Summon Ice Beast         Ice/Summ       #.......     100%        4    #####..
 Summon Lightning Spire   Summ/Air       #.......     100%        4    #####..


Dungeon Overview and Level Annotations

Branches:
Dungeon (8/15)             Temple (1/1) D:5            Lair (0/6) D:8

Altars:
Ashenzari
Cheibriados
Elyvilon
Fedhas
Gozag
Hepliaklqana
Kikubaaqudgha
Makhleb
Nemelex Xobeh
Okawaru
Qazlal
Ru
Sif Muna
Trog
Uskayaw
Vehumet
Wu Jian
Yredelemnul
Zin
The Shining One


Innate Abilities, Weirdness & Mutations

You have large cloven feet.
You are mostly covered in yellow scales. (AC +3)
You are significantly more attuned to the shadows.


Message History

You hit the scorpion. You freeze the scorpion. Your kick misses the scorpion.
The scorpion is heavily wounded.
You hit something. You freeze something. Something hits you.
* * * LOW HITPOINT WARNING * * *
The scorpion barely misses you.
You slash the scorpion! You freeze the scorpion.
You kill the scorpion!
Something hits you but does no damage. x2
Unknown command.
You start resting.
Something hits you.
* * * LOW HITPOINT WARNING * * *
You start resting.
Something hits you.
* * * LOW HITPOINT WARNING * * *
You start resting.
Something hits you.
* * * LOW HITPOINT WARNING * * *
You feel better. Something hits you.
* * * LOW HITPOINT WARNING * * *
You block something's attack.
You closely miss something. You kick something. Something hits you.
You die...

#... ##.. #. #.. #.#
#.# .. ### #.# #.# #
oo##.#.# #.#####.#
#.##.#.### #......#
#.##.#.##.# ##)#####
#.##.#@# #(## ##.......
#.##.#)####.###.#######
#.###.#..)(##....#..#
#.....o.#...........#
#####o#...###.......#
#.##.## ###...#.#
#.#...#####...#.#
#...............#
###...######.####


There were no monsters in sight!

Vanquished Creatures
  A two-headed ogre (D:8)
  Eustachio (D:6)
  An ice beast (D:6)
  An orc warrior (D:7)
  2 sky beasts
  3 ogres
  A phantom (D:7)
  A centaur (D:5)
  A big kobold (D:6)
  3 bullfrogs
  3 scorpions (D:8)
  A howler monkey (D:5)
  3 crimson imps
  2 bullfrog skeletons
  5 orc priests
  2 centaur skeletons
  2 iguanas
  7 orc wizards
  Natasha (thrice) (D:2)
  A killer bee zombie (D:6)
  7 worker ants
  2 hound skeletons
  Robin (D:2)
  A howler monkey skeleton (D:4)
  4 gnolls (D:4)
  9 adders
  4 shadow imps
  2 adder zombies
  An adder skeleton (D:4)
  3 worms
  6 leopard geckos
  16 orcs
  11 giant cockroaches
  10 goblins
  11 hobgoblins
  20 jackals
  3 quokkas
  A ball python (D:6)
  7 bats
  5 frilled lizards
  A giant cockroach zombie (D:6)
  A jackal zombie (D:5)
  7 kobolds
  A quokka skeleton (D:5)
  8 rats
186 creatures vanquished.

Vanquished Creatures (collateral kills)
  An orc warrior (D:7)
1 creature vanquished.

Grand Total: 187 creatures vanquished

Notes
Turn   | Place    | Note
-------+----------+-------------------------------------------
     0 | D:1      | HereIgoKillingAgain the Demonspawn Transmuter began the
                  | quest for the Orb.
     0 | D:1      | Reached XP level 1. HP: 15/15 MP: 3/3
   137 | D:1      | Reached skill level 2 in Transmutations
   807 | D:2      | Gained mutation: You have large cloven feet. [demonic
                  | ancestry]
   807 | D:2      | Reached XP level 2. HP: 21/21 MP: 5/5
  1118 | D:2      | Gained mutation: You are slightly more attuned to the
                  | shadows. [demonic ancestry]
  1118 | D:2      | Reached XP level 3. HP: 26/26 MP: 6/6
  1157 | D:2      | Noticed Robin
  1183 | D:2      | Killed Robin
  1525 | D:2      | Learned a level 2 spell: Sticks to Snakes
  1529 | D:2      | Learned a level 3 spell: Spider Form
  1577 | D:2      | Reached XP level 4. HP: 33/33 MP: 7/7
  1961 | D:3      | Noticed Natasha
  1973 | D:2      | Killed Natasha
  1973 | D:2      | Reached skill level 3 in Transmutations
  2195 | D:2      | Noticed Natasha
  2208 | D:2      | Killed Natasha
  2227 | D:2      | Noticed Natasha
  2237 | D:2      | Killed Natasha
  2237 | D:2      | Gained mutation: You are partially covered in yellow
                  | scales. (AC +2) [demonic ancestry]
  2237 | D:2      | Reached XP level 5. HP: 8/39 MP: 8/8
  3365 | D:3      | Found a sacrificial altar of Ru.
  3480 | D:4      | Reached XP level 6. HP: 28/46 MP: 9/9
  3705 | D:4      | Reached skill level 4 in Transmutations
  4342 | D:4      | Gained mutation: You are mostly covered in yellow scales.
                  | (AC +3) [demonic ancestry]
  4342 | D:4      | Reached XP level 7. HP: 29/52 MP: 10/10
  4813 | D:4      | Found Egussabu's Jewellery Shoppe.
  5083 | D:5      | Entered Level 5 of the Dungeon
  5148 | D:5      | Reached skill level 5 in Transmutations
  5153 | D:5      | Got a shimmering scale mail
  5180 | D:5      | Identified the cursed +0 scale mail of the Tormentor {rPois
                  | rC+ MR+ Dex-2} (You found it on level 5 of the Dungeon)
  5644 | D:5      | Gained mutation: You are significantly more attuned to the
                  | shadows. [demonic ancestry]
  5644 | D:5      | Reached XP level 8. HP: 52/60 MP: 11/11
  5744 | D:5      | Found a staircase to the Ecumenical Temple.
  5798 | Temple   | Entered the Ecumenical Temple
  6241 | D:6      | Found an iron altar of Okawaru.
  6327 | D:6      | Got a sheer robe
  6339 | D:6      | Identified the cursed +1 robe "Taitapit" {*Slow Regen+
                  | Int+7} (You found it on level 6 of the Dungeon)
  6398 | D:6      | Reached skill level 6 in Transmutations
  6471 | D:6      | Reached skill level 5 in Unarmed Combat
  6845 | D:6      | Noticed Eustachio
  6862 | D:6      | Killed Eustachio
  7153 | D:7      | Found a hide-covered altar of Uskayaw.
  7201 | D:7      | Found a burning altar of Makhleb.
  7202 | D:7      | Found a glowing silver altar of Zin.
  7257 | D:7      | Reached skill level 5 in Fighting
  8222 | D:7      | Reached skill level 5 in Dodging
  8225 | D:7      | Reached skill level 7 in Transmutations
  8225 | D:7      | Reached XP level 9. HP: 38/68 MP: 12/12
  8399 | D:7      | Learned a level 5 spell: Blade Hands
  8729 | D:7      | Found a sparkling altar of Nemelex Xobeh.
  8850 | D:8      | Found a staircase to the Lair.
  8856 | D:8      | Noticed a two-headed ogre
  8862 | D:8      | Killed a two-headed ogre
  8862 | D:8      | Reached skill level 8 in Transmutations
  9110 | D:8      | Found a blossoming altar of Fedhas.
  9113 | D:8      | Found a hazy altar of Hepliaklqana.
  9116 | D:8      | Found a radiant altar of Vehumet.
  9402 | D:7      | Found a snail-covered altar of Cheibriados.
  9402 | D:7      | Found an opulent altar of Gozag.
  9416 | D:7      | Became a worshipper of Uskayaw the Reveler
  9642 | D:8      | Reached * piety under Uskayaw
  9646 | D:8      | Reached ** piety under Uskayaw
  9648 | D:8      | Reached *** piety under Uskayaw
  9650 | D:8      | Reached **** piety under Uskayaw
  9655 | D:8      | Reached ***** piety under Uskayaw
  9661 | D:8      | HP: 3/69 [something (5)]
  9664 | D:8      | Slain by an unseen horror

Vault maps used:
D:1:      matt_arrival_grand_opening
D:2:      first_ration, minmay_misc_feat_chi, nrook_mini_vaults, uniq_robin
D:3:      grunt_decor_arrowhead, nicolae_ru_awakened_eye, uniq_natasha
D:4:      cheibrodos_pilgrimage, serial_shops, nicolae_shop_waterfront
D:5:      temple_hall_moat, minivault_26, chequers_serial_rivers_small_3
D:6:      kennysheep_okawaru_gauntlet, uniq_eustachio
D:7:      kennysheep_mini_moat, nicolae_overflow_hidden_temple,
          serial_column_ruins, column_ruins_grid_4, column_ruins_grid_1,
          column_ruins_corridor_straight, column_ruins_open_small_water,
          column_ruins_grid_1
D:8:      nicolae_overflow_crystal_walls, grunt_temple_overflow_diamond,
          lair_entry_dummy
Temple:   chequers_temple_sunken

Skill      XL: |  1  2  3  4  5  6  7  8  9 |
---------------+----------------------------+-----
Transmutations | 2 3 4 5 7 8 |  8.1
Dodging        | 2 3 4 5 |  5.8
Unarmed Combat | 3 4 5 6 |  6.2
Fighting       | 2 3 4 5 6 |  6.1
Spellcasting   | |  2.0

Action                   |  1- 3 |  4- 6 |  7- 9 || total
-------------------------+-------+-------+-------++-------
Melee: Unarmed           |    33 |       |       ||    33
       Hand axe          |    94 |   136 |   392 ||   622
       Kick              |     9 |    27 |    75 ||   111
 Cast: Sticks to Snakes  |       |       |     4 ||     4
Evoke: Wand              |       |     4 |     8 ||    12
  Use: Potion            |       |     1 |     2 ||     3
       Scroll            |       |       |    21 ||    21
 Stab: Sleeping          |     1 |     6 |     9 ||    16
       Paralysed         |       |       |     1 ||     1
  Eat: Ration            |     1 |     2 |     2 ||     5
       Chunk             |       |     1 |    13 ||    14
Armor: Robe              |    38 |    44 |    38 ||   120
       Scale mail        |       |       |   190 ||   190
Dodge: Dodged            |    81 |    88 |   201 ||   370
Block: Buckler           |     8 |    17 |   105 ||   130

Table legend:
 A = Non-vault XP
 B = Vault XP
 C = Vault XP percentage of total XP
 D = Non-vault monster count
 E = Vault monster count
 F = Vault count percentage of total count
                 A         B        C        D         E       F
            +---------+---------+-------+---------+---------+-------
      Total |    4287 |     361 |   7.8 |     169 |      18 |   9.6
            +---------+---------+-------+---------+---------+-------
        D:1 |      11 |       0 |   0.0 |       9 |       0 |   0.0
        D:2 |     134 |      66 |  33.0 |      31 |      12 |  27.9
        D:3 |     106 |       0 |   0.0 |      17 |       0 |   0.0
        D:4 |     494 |      92 |  15.7 |      23 |       5 |  17.9
        D:5 |     543 |       0 |   0.0 |      20 |       0 |   0.0
        D:6 |     658 |     203 |  23.6 |      29 |       1 |   3.3
        D:7 |     811 |       0 |   0.0 |      19 |       0 |   0.0
        D:8 |    1530 |       0 |   0.0 |      21 |       0 |   0.0
            +---------+---------+-------+---------+---------+-------
